 Dungeon Crawl Stone Soup version 0.19-a0-519-gb6a5606 (webtiles) character file.

171 Azru the Skirmisher (level 5, 0/57 HPs)
             Began as an Ogre Abyssal Knight on June 7, 2016.
             Was a Believer of Lugonu.
             Killed by nerve-wracking pain
             ... invoked by Grinder
              (3 damage)
             ... while paralysed by Grinder
             ... on level 3 of the Dungeon.
             The game lasted 00:10:10 (3018 turns).

Azru the Skirmisher (Ogre Abyssal Knight)           Turns: 3018, Time: 00:10:11

Health: 0/57       AC:  5    Str: 17    XL:     5   Next: 51%
Magic:  6/7        EV:  1    Int: 17    God:    Lugonu [**....]
Gold:   115        SH:  0    Dex:  9    Spells: 0 memorised, 4 levels left

rFire  . . .     SeeInvis .     a - +1 mace
rCold  . . .     Gourm    .     b - +1 robe
rNeg   + . .     Faith    .     (no shield)
rPois  .         Spirit   .     (helmet restricted)
rElec  .         Dismiss  .     (no cloak)
rCorr  .         Reflect  .     (gloves unavailable)
SustAt .         Harm     .     (boots unavailable)
MR     .....                    (no amulet)
Stlth  +.........               (no ring)
                                h - ring of positive energy

@: paralysed, brilliant, not resistant to hostile enchantments, very unstealthy
A: unfitting armour, shaggy fur 1, tough skin 1
a: Depart the Abyss, Bend Space, Renounce Religion


You were on level 3 of the Dungeon.
You worshipped Lugonu.
Lugonu was pleased with you.
You were very hungry.

You visited 1 branch of the dungeon, and saw 3 of its levels.
You visited the Abyss 1 time.

You collected 115 gold pieces.

Inventory:

Hand Weapons
 a - a +1 mace (weapon)
 f - a +0 morningstar
Armour
 b - a +1 robe (worn)
Jewellery
 h - a ring of positive energy (left hand)
 p - an uncursed ring of resist corrosion {unknown}
Wands
 r - a wand of slowing (24/48)
Scrolls
 d - 3 scrolls of fear
 i - 4 scrolls of identify
 k - a scroll of fog
Comestibles
 c - 2 bread rations
 j - 2 beef jerkies
 n - a meat ration
 s - a slice of pizza


   Skills:
 * Level 5.5 Fighting
 * Level 4.6 Maces & Flails
 + Level 2.9 Dodging
 * Level 3.0 Invocations


You had 4 spell levels left.
You didn't know any spells.

Dungeon Overview and Level Annotations

Branches:
Dungeon (3/15)

Altars:

Annotations:
D:3 Grinder, Robin


Innate Abilities, Weirdness & Mutations

You are too large for most types of armour.
You have tough skin. (AC +1)
You are covered in fur. (AC +1)


Message History

It was a scroll of noise.
You hear a shout! x2
Grinder hits you but does no damage.
You aren't carrying any potions.
Evoke which item? (* to show all) (? for menu, Esc to quit)
Okay, then.
Space bends around you!
You blink.
* * * LOW HITPOINT WARNING * * *
Grinder gestures at you.
You shrug off the repeated paralysis!
Space bends around you!
You blink.
* * * LOW HITPOINT WARNING * * *
Okay, then.
Grinder blinks!
Grinder gestures at you.
You suddenly lose the ability to move!
Grinder blinks!
Grinder gestures at you. Pain shoots through your body!
You die...

.......# # ..< ##..##.# ##++###
.# #.# ##.##.#
.....###.#####.## #..#.#
................# ##.#.#
................###### ##...###
..§.........(......[.# #.......
###.............####.# #...>...
#
#.............####.#####.......
#
#.............@......#.......).
#
#..............#######.#.......
#..............#...###.#.......
#..............#.#.##..#.......
#..)....§.....5..#.....#.......
#$............###.....##.).....
#######.#########§###^.........
#.#..§§§§§§§# ###[#######
#.#.######### #.#


You could see Grinder.

Vanquished Creatures
  4 gnolls (D:2)
  2 adders (D:2)
  3 oozes
  A worm (D:2)
  7 dart slugs
  2 giant geckos (D:3)
  7 orcs
  6 bats
  5 giant cockroaches
  11 goblins
  8 hobgoblins
  8 kobolds
  A quokka (D:2)
  2 giant newts
  9 rats
76 creatures vanquished.

Notes
Turn   | Place    | Note
--------------------------------------------------------------
     0 | Abyss:1  | Azru the Ogre Abyssal Knight began the quest for the Orb.
     0 | Abyss:1  | Reached XP level 1. HP: 24/24 MP: 2/2
    73 | D:1      | Escaped the Abyss
   148 | D:1      | Reached XP level 2. HP: 26/32 MP: 3/3
   188 | D:1      | Reached * piety under Lugonu
   390 | D:1      | Reached XP level 3. HP: 14/40 MP: 4/4
  1270 | D:2      | Reached ** piety under Lugonu
  1311 | D:2      | Reached XP level 4. HP: 44/49 MP: 5/5
  1563 | D:2      | Found a faded altar of an unknown god.
  1676 | D:2      | Reached skill level 5 in Fighting
  2069 | D:2      | Reached XP level 5. HP: 57/57 MP: 7/7
  2872 | D:3      | Noticed Grinder
  2925 | D:3      | Noticed Robin
  2947 | D:3      | Gained mutation: You are covered in fur. (AC +1) [potion of beneficial mutation]
  2987 | D:3      | Paralysed by Grinder for 2 turns
  3005 | D:3      | Paralysed by Grinder for 2 turns
  3009 | D:3      | HP: 1/57 [spatial distortion (4)]
  3016 | D:3      | Paralysed by Grinder for 4 turns
  3018 | D:3      | Killed from afar by Grinder

Vault maps used:
D:1:      lemuel_arrival_hallway
D:2:      first_bread, ecumenical_altar_2
D:3:      gup_sewer_entry_bubbles, kennysheep_generic_room_7, uniq_grinder,
          uniq_robin

Skill      XL: |  1  2  3  4  5 |
---------------+----------------+-----
Maces & Flails | 3 4 |  4.6
Fighting       | 5 |  5.5
Invocations    | 3 |  3.0
Dodging        | |  2.9

Action                   |  1- 3 |  4- 6 || total
-------------------------+-------+-------++-------
Melee: Mace              |   122 |   151 ||   273
Invok: Depart the Abyss  |     1 |       ||     1
       Bend Space        |       |     2 ||     2
  Use: Potion            |       |     5 ||     5
       Scroll            |       |     6 ||     6
  Eat: Chunk             |     1 |     5 ||     6
Armor: Robe              |    56 |    35 ||    91
       Skin              |       |    20 ||    20
Dodge: Dodged            |    81 |    87 ||   168
